 Dungeon Sprint DCSS version 0.26-a0-660-gc07710193c (webtiles) character file.

Game seed: 16444010238577173719

60 mhtbhm the Shield-Bearer (level 3, -8/37 HPs)
             Began as a Minotaur Fighter on Oct 6, 2020.
             Splashed by an oklob sapling priest's acid (11 damage)
             ... in the Dungeon (Sprint IV: "Fedhas' Mad Dash").
             The game lasted 00:00:25 (345 turns).

mhtbhm the Shield-Bearer (Minotaur Fighter)          Turns: 345, Time: 00:00:26

Health: -8/37      AC:  7    Str: 21    XL:     3   Next: 80%
Magic:  0/2        EV:  8    Int:  5    God:
Gold:   42         SH: 10    Dex:  9    Spells: 2/2 levels left

rFire    . . .     SeeInvis .   a - +0 long sword
rCold    . . .     Faith    .   c - +0 kite shield
rNeg     . . .     Spirit   .   b - +0 scale mail
rPois    .         Reflect  .   (helmet restricted)
rElec    .         Harm     .   (no cloak)
rCorr    .         Rampage  .   (no gloves)
MR       .....     NoTele   +   (no boots)
Stlth    ..........             i - amulet of invisibility {+Inv}
HPRegen  0.12/turn              (no ring)
MPRegen  0.08/turn              (no ring)

@: very slightly contaminated, invisible (expiring)
A: retaliatory headbutt, horns 2
a: no special abilities


You were in the Dungeon.
You visited 1 branch You collected 42 gold pieces.

Inventory:

Hand Weapons
 a - a +0 long sword (weapon)
Armour
 b - a +0 scale mail (worn)
 c - a +0 kite shield (worn)
Jewellery
 i - the amulet of invisibility (around neck) {+Inv}
   (You found it in the Dungeon)

   [amulet of nothing]

   It lets you turn invisible.
Scrolls
 j - a scroll of blinking
 k - a scroll of magic mapping {unknown}
Potions
 d - a potion of might
 e - a potion of curing
 f - a potion of heal wounds
 g - a potion of haste
 h - 2 potions of magic


   Skills:
 + Level 6.0 Fighting
 + Level 3.8 Long Blades
 + Level 6.0 Armour
 + Level 6.1 Shields


You had 2 spell levels left.
You didn't know any spells.
Your spell library was empty.

Dungeon Overview and Level Annotations

Branches:
Dungeon (1/1)

Altars:
Cheibriados
Dithmenos
Elyvilon
Gozag
Hepliaklqana
Kikubaaqudgha
Makhleb
Nemelex Xobeh
Okawaru
Qazlal
Ru
Sif Muna
Trog
Uskayaw
Vehumet
Wu Jian
Xom
Yredelemnul
Zin
The Shining One
Beogh
Jiyva
Lugonu

Annotations:
D exclusion: oklob sapling


Innate Abilities, Weirdness & Mutations

You reflexively headbutt those who attack you in melee.
You have a pair of horns on your head.


Message History

Found a corrupted altar of Lugonu and a radiant altar of Vehumet.
There is a hazy altar of Hepliaklqana here.
There is a sparkling altar of Nemelex Xobeh here.
You hit the oklob sapling priest.
The oklob sapling priest is lightly damaged.
You flicker for a moment.
The oklob sapling priest invokes the aid of its god against you.
Something smites you!
You hit the oklob sapling priest but do no damage.
You headbutt the oklob sapling priest, but do no damage.
The oklob sapling priest is lightly damaged.
The oklob sapling priest invokes the aid of its god against you.
Something smites you!
You hit the oklob sapling priest.
The oklob sapling priest is moderately damaged.
The oklob sapling priest spits acid at you.
The splash of acid hits you!
* * * LOW HITPOINT WARNING * * *
You are splashed with acid!
You die...

########################
....#.....#.⌠._._._._.⌠.
....'†#.[.'.._._._._._..
....#.#...#..._.@P_._...
########+##.._._._._._..
#._._._._._.⌠.
##############


You could see an oklob sapling priest.

Vanquished Creatures
  An oklob sapling (D)
  A worker ant (D)
  A river rat (D)
  A rat (D)
4 creatures vanquished.

Notes
Turn   | Place    | Note
-------+----------+-------------------------------------------
     0 | D        | mhtbhm the Minotaur Fighter began the quest for the Orb.
     0 | D        | Reached XP level 1. HP: 19/19 MP: 0/0
    17 | D        | Reached XP level 2. HP: 9/28 MP: 1/1
   231 | D        | Noticed an oklob sapling
   233 | D        | Killed an oklob sapling
   233 | D        | Reached skill level 5 in Fighting
   233 | D        | Reached skill level 5 in Armour
   233 | D        | Reached skill level 5 in Shields
   233 | D        | Reached XP level 3. HP: 36/36 MP: 2/2
   240 | D        | Found the amulet of invisibility {+Inv}
   332 | D        | Found an opulent altar of Gozag.
   332 | D        | Found a hazy altar of Hepliaklqana.
   332 | D        | Found a burning altar of Makhleb.
   332 | D        | Found a roughly hewn altar of Beogh.
   332 | D        | Found a sparkling altar of Nemelex Xobeh.
   332 | D        | Found a snail-covered altar of Cheibriados.
   332 | D        | Found a sacrificial altar of Ru.
   332 | D        | Found a shimmering blue altar of Sif Muna.
   332 | D        | Found a shimmering altar of Xom.
   332 | D        | Found a basalt altar of Yredelemnul.
   336 | D        | Found a viscous altar of Jiyva.
   336 | D        | Found a bloodstained altar of Trog.
   336 | D        | Found an ornate altar of the Wu Jian Council.
   336 | D        | Noticed an oklob sapling priest
   337 | D        | Found an iron altar of Okawaru.
   337 | D        | Found a shadowy altar of Dithmenos.
   337 | D        | Found a glowing silver altar of Zin.
   338 | D        | Found an ancient bone altar of Kikubaaqudgha.
   338 | D        | Found a hide-covered altar of Uskayaw.
   339 | D        | Found a stormy altar of Qazlal.
   339 | D        | Found a white marble altar of Elyvilon.
   339 | D        | Found a glowing golden altar of the Shining One.
   340 | D        | Found a corrupted altar of Lugonu.
   340 | D        | Found a radiant altar of Vehumet.
   345 | D        | Splashed by an oklob sapling priest's acid

Illustrated notes

Levels and vault maps discovered:
D:        dungeon_sprint_fedhas [sprint_temple]

Skill      XL: |  1  2  3 |
---------------+----------+-----
Fighting       | 4 5 6 |  6.0
Armour         | 4 5 6 |  6.0
Shields        | 4 5 6 |  6.1
Long Blades    | 3 |  3.8

Action                   || total
-------------------------++-------
Melee: Long sword        ||    18
       Headbutt          ||     4
 Abil: Evoke Invisibilit ||     1
  Use: Potion            ||     1
Armor: Scale mail        ||     2
Dodge: Dodged            ||     2
Block: Kite shield       ||     7

Table legend: (Time is in decaauts)
 A = Elapsed time spent in this place.
 B = Non-inter-level travel time spent in this place.
 C = Inter-level travel time spent in this place.
 D = Time resting spent in this place.
 E = Time spent auto-exploring this place.
 F = Levels seen in this place.
 G = Mean time per level.
                   A        B        C        D        E       F      G
               +--------+--------+--------+--------+--------+-----+--------+
         Total |    356 |    356 |      0 |    274 |      3 |   1 |  356.0 |
       Dungeon |    356 |    356 |      0 |    274 |      3 |   1 |  356.0 |
               +--------+--------+--------+--------+--------+-----+--------+

Top non-repeatable levels by time:
       D: 356 daAuts
